 Dungeon Crawl Stone Soup version 0.23-a0-183-gf37f6fb (webtiles) character file.

543 HerrDoktor the Slinger (level 7, 0/45 HPs)
             Began as a Halfling Hunter on Sept 20, 2018.
             Shot with an arrow by a centaur (1 damage)
             ... on level 5 of the Dungeon on Sept 21, 2018.
             The game lasted 00:19:55 (4253 turns).

HerrDoktor the Slinger (Halfling Hunter)            Turns: 4253, Time: 00:19:56

Health: 0/45       AC:  4    Str: 13    XL:     7   Next: 52%
Magic:  7/7        EV: 15    Int:  9    God:
Gold:   204        SH:  3    Dex: 17    Spells: 5/6 levels left

rFire    . . .     SeeInvis .   a - +1 hunting sling
rCold    . . .     Gourm    .   (shield restricted)
rNeg     . . .     Faith    .   c - +0 leather armour
rPois    .         Spirit   .   (no helmet)
rElec    .         Reflect  +   (no cloak)
rCorr    .         Harm     .   (no gloves)
MR       .....                  n - +0 pair of boots
Stlth    ++........             i - +3 amulet of reflection
HPRegen  0.15/turn              (no ring)
MPRegen  0.10/turn              (no ring)

@: no status effects
A: small, mutation resistance 1
a: no special abilities


You were on level 5 of the Dungeon.
You were hungry.

You visited 1 branch of the dungeon, and saw 5 of its levels.

You collected 204 gold pieces.

Inventory:

Hand Weapons
 a - a +1 hunting sling (weapon)
 b - a +1 short sword of draining
 p - a +0 short sword
 r - a +0 falchion
Missiles
 d - 38 sling bullets
 e - 109 stones (quivered)
Armour
 c - a +0 leather armour (worn)
 n - a +0 pair of boots (worn)
Jewellery
 i - a +3 amulet of reflection (around neck)
Scrolls
 h - a scroll of teleportation
 k - a scroll of blinking
 o - a scroll of identify
Potions
 f - 2 potions of curing {unknown}
 g - a potion of flight {unknown}
 j - 2 potions of mutation {unknown}
 l - 2 potions of brilliance {unknown}
 m - a potion of degeneration {unknown}
 q - a potion of lignification {unknown}
 s - a potion of haste {unknown}


   Skills:
 + Level 2.4 Fighting
 + Level 1.9 Short Blades
 * Level 10.7 Slings
 + Level 1.7 Armour
 + Level 2.4 Dodging
 + Level 2.3 Stealth


You had 5 spell levels left.
You knew the following spells:

 Your Spells              Type           Power        Failure   Level  Hunger
a - Corona                Hex            #......      45%         1    ##.....

Your spell library contained the following spells:

 Spells                   Type           Power        Failure   Level  Hunger
 Ensorcelled Hibernation  Hex/Ice        #.....       61%         2    ###....
 Confuse                  Hex            #.......     83%         3    ####...
 Dazzling Spray           Conj/Hex       #.....       83%         3    ####...
 Tukima's Dance           Hex            #.......     83%         3    ####...


Dungeon Overview and Level Annotations

Branches:
Dungeon (5/15)
 Temple: D:4-7

Altars:
Uskayaw

Annotations:
D:4 Sigmund


Innate Abilities, Weirdness & Mutations

You are small and have problems with some larger weapons.
You are somewhat resistant to further mutation.


Message History

Aim: a centaur, wielding a shortbow of flaming (moderately wounded)
You shoot a stone. The stone hits the centaur.
The centaur is heavily wounded.
Firing (i - inventory. (/) - cycle)
e - 111 stones (quivered)
Press: ? - help, Shift-Dir - straight line, f/p - centaur
Aim: a centaur, wielding a shortbow of flaming (heavily wounded)
You shoot a stone. The stone hits the centaur!
The centaur is almost dead.
The centaur shoots an arrow.
The arrow hits you!
* * * LOW HITPOINT WARNING * * *
The arrow burns you.
* * * LOW HITPOINT WARNING * * *
Firing (i - inventory. (/) - cycle)
e - 110 stones (quivered)
Press: ? - help, Shift-Dir - straight line, f/p - centaur
Aim: a centaur, wielding a shortbow of flaming (almost dead)
You shoot a stone. The stone barely misses the centaur.
The centaur shoots an arrow.
The arrow hits you!
* * * LOW HITPOINT WARNING * * *
The arrow burns you.
You die...

# # ##########.#
#(. #..........#
..(c.###.##......##
.......@...........
......##.........##
..... #...#######
.... #...##### ...
#.......# ..
......####.# ### #
...###.. #.# #.. ..
### #.# #.# # #.#
#.#


You could see a centaur.

Vanquished Creatures
  An ogre (D:4)
  A hound (D:4)
  A jelly (D:3)
  3 orc priests (D:4)
  Terence (D:3)
  4 orc wizards
  An iguana (D:3)
  6 adders
  An ooze (D:1)
  A worm (D:4)
  4 dart slugs
  2 leopard geckos
  16 orcs
  5 giant cockroaches
  4 goblins
  5 hobgoblins
  3 jackals (D:3)
  2 quokkas
  3 ball pythons
  4 bats
  8 frilled lizards
  2 kobolds (D:1)
  2 quokka skeletons (D:4)
  7 rats
  A plant (D:2)
88 creatures vanquished.

Notes
Turn   | Place    | Note
-------+----------+-------------------------------------------
     0 | D:1      | HerrDoktor the Halfling Hunter began the quest for the Orb.
     0 | D:1      | Reached XP level 1. HP: 14/14 MP: 1/1
    90 | D:1      | Reached skill level 6 in Slings
   125 | D:1      | Reached XP level 2. HP: 4/19 MP: 2/2
   158 | D:1      | Reached skill level 1 in Short Blades
   499 | D:1      | Reached XP level 3. HP: 24/24 MP: 3/3
   863 | D:2      | Reached skill level 7 in Slings
   885 | D:2      | Found a hide-covered altar of Uskayaw.
   932 | D:2      | Noticed Sigmund
  1676 | D:3      | Reached XP level 4. HP: 29/29 MP: 4/4
  1819 | D:3      | Noticed Terence
  1827 | D:3      | Killed Terence
  1911 | D:3      | Reached skill level 1 in Armour
  1911 | D:3      | Reached XP level 5. HP: 34/34 MP: 5/5
  1913 | D:3      | Reached skill level 8 in Slings
  2161 | D:3      | Upgraded the game from 0.23-a0-182-g58cdd98 to
                  | 0.23-a0-183-gf37f6fb
  2766 | D:4      | Reached XP level 6. HP: 36/39 MP: 6/6
  3046 | D:4      | Reached skill level 9 in Slings
  3576 | D:3      | Reached skill level 10 in Slings
  3576 | D:3      | Reached XP level 7. HP: 41/45 MP: 7/7
  3778 | D:4      | Learned a level 1 spell: Corona
  4206 | D:5      | Entered Level 5 of the Dungeon
  4253 | D:5      | HP: 1/45 [centaur/arrow (9)]
  4253 | D:5      | Shot with an arrow by a centaur

Vault maps used:
D:1:      tarquinn_simple_flora_water_b
D:2:      old_standard_altar, serial_bayou_lagoon_a, uniq_jessica, uniq_sigmund
D:3:      first_ration, uniq_terence
D:4:      hangedman_decor_riveting
D:5:      kennysheep_mini_moat, nicolae_overflow_crystal_walls,
          overflow_temple_1_default

Skill      XL: |  1  2  3  4  5  6 |
---------------+-------------------+-----
Slings         | 6 7 8 10 | 10.7
Short Blades   | 1 |  1.9
Fighting       | 2 |  2.4
Armour         | 1 |  1.7
Stealth        | 2 |  2.3
Dodging        | |  2.4

Action                   |  1- 3 |  4- 6 |  7- 9 || total
-------------------------+-------+-------+-------++-------
Melee: Short sword       |   184 |    45 |    23 ||   252
       Hunting sling     |     5 |       |       ||     5
 Fire: Hunting sling     |    48 |   144 |    40 ||   232
 Cast: Corona            |       |       |     1 ||     1
  Use: Scroll            |     4 |     4 |       ||     8
  Eat: Ration            |     1 |     1 |       ||     2
       Chunk             |       |     3 |       ||     3
Armor: Leather armour    |    17 |     7 |     1 ||    25
Dodge: Dodged            |    41 |    27 |    19 ||    87
Block: Other             |       |     5 |     1 ||     6

Table legend:
 A = Non-vault XP
 B = Vault XP
 C = Vault XP percentage of total XP
 D = Non-vault monster count
 E = Vault monster count
 F = Vault count percentage of total count
                 A         B        C        D         E       F
            +---------+---------+-------+---------+---------+-------
      Total |     741 |      36 |   4.6 |      86 |       1 |   1.1
            +---------+---------+-------+---------+---------+-------
        D:1 |      45 |       0 |   0.0 |      22 |       0 |   0.0
        D:2 |      19 |       0 |   0.0 |       6 |       0 |   0.0
        D:3 |     196 |      36 |  15.5 |      27 |       1 |   3.6
        D:4 |     481 |       0 |   0.0 |      31 |       0 |   0.0
            +---------+---------+-------+---------+---------+-------
